 Dungeon Crawl Stone Soup version 0.29.0-4-gdea44cf6ec (webtiles) character file.

Game seed: 15769615368099498420

13127 qw the Brawler (level 11, -8/107 HPs)
             Began as a Troll Cinder Acolyte on Sept 2, 2022.
             Was an Initiate of Ignis.
             Mangled by a shadow (31 damage)
             ... on level 11 of the Dungeon.
             The game lasted 00:04:49 (9255 turns).

qw the Brawler (Troll Cinder Acolyte)               Turns: 9255, Time: 00:04:49

Health: -8/107     AC: 13    Str: 34    XL:     11   Next: 71%
Magic:  11/11      EV:  9    Int: 10    God:    Ignis [......]
Gold:   763        SH:  0    Dex:  5    Spells: 12/12 levels left

rFire   + . .      SeeInvis .     - Unarmed
rCold   . . .      Faith    .   (no shield)
rNeg    . . .      Spirit   .   q - +0 troll leather armour
rPois   +          Reflect  .   (helmet restricted)
rElec   .          Harm     .   (no cloak)
rCorr   .          Rampage  .   (gloves unavailable)
Will    .....                   (boots unavailable)
Stlth   +.........              (no amulet)
HPRegen 1.87/turn               o - +6 ring of strength
MPRegen 0.12/turn               i - ring of poison resistance

@: about to teleport, fiery-armoured
A: large, unfitting armour, claws 3, regeneration 1, shaggy fur 1, tough skin 1
a: Renounce Religion, Rising Flame


You were on level 11 of the Dungeon.
You worshipped Ignis.
Ignis was noncommittal.
You visited 1 branch of the dungeon, and saw 11 of its levels.

You collected 763 gold pieces.


Innate Abilities, Weirdness & Mutations

You are too large for most types of armour.
You have claws for hands.
Your natural rate of healing is unusually fast.
You are covered in fur. (AC +1)
You have tough skin. (AC +1)


   Skills:
 + Level 6.6 Fighting
 - Level 6.0 Throwing
 - Level 1.2 Armour
 - Level 1.2 Dodging
 - Level 16.0 Unarmed Combat
 - Level 1.0 Spellcasting
 - Level 2.1 Fire Magic


You had 12 spell levels left.
You didn't know any spells.
Your spell library contained the following spells:

 Spells                   Type           Power      Damage    Failure   Level
 Scorch                   Fire           8%         2d5       24%         2

Inventory:

Missiles
 r - 6 boomerangs (quivered)
Armour
 q - a +0 troll leather armour (worn)
Jewellery
 h - the ring of Joy {rC+ MP+9}
   (You found it on level 6 of the Dungeon)

   [ring of magical power]

   rC:        It protects you from cold.
   MP:        It affects your magic capacity (+9).
 i - a ring of poison resistance (right claw)
 m - a ring of resist corrosion
 o - a +6 ring of strength (left claw)
Scrolls
 a - a scroll of torment {unknown}
 d - a scroll of silence {unknown}
 k - a scroll of identify
Potions
 c - a potion of haste
 e - a potion of might
 g - 4 potions of curing
 p - a potion of cancellation {unknown}

Dungeon Overview and Level Annotations

Branches:
Dungeon (11/15)            Temple (0/1) D:4            Lair (0/5) D:11
    Orc (0/2) D:10

Altars:
Cheibriados
Elyvilon
Hepliaklqana
Uskayaw
Vehumet

Annotations:
D:10 4 runed translucent doors


Message History

The centaur shoots an arrow.
The arrow hits you but does no damage. The boulder beetle bites you!!
9251 ||| READING scroll of teleportation.
As you read the scroll of teleportation, it crumbles to dust.
You feel strangely unstable.
The centaur shoots an arrow.
The arrow hits you but does no damage.
The wind drake begins repelling missiles!
The acid dragon bites you. The acid dragon closely misses you.
The boulder beetle bites you but does no damage.
The boulder beetle is burned by your cloak of flames.
The boulder beetle is heavily wounded.
A five-headed hydra comes into view.
9252 ||| DRINKING potion of heal wounds.
You feel much better. The acid dragon completely misses you.
The acid dragon claws you.
The centaur shoots an arrow.
The arrow barely misses you.
The arrow hits the acid dragon.
The boulder beetle bites you!
You claw the boulder beetle!
The boulder beetle is severely wounded.
The centaur shoots an arrow.
The arrow closely misses you.
The arrow hits the acid dragon.
The shadow slips into darkness.
The shadow flickers and vanishes!
Deactivating autopickup; reactivate with Ctrl-A.
The acid dragon spits acid at you. The splash of acid hits you!
You eviscerate the boulder beetle!!!
You kill the boulder beetle!
The sentinel's mark upon you fades away.
The centaur shoots an arrow.
The arrow hits you.
A deep elf zephyrmancer comes into view.
It is wielding a +0 long sword.
The acid dragon barely misses you.
The acid dragon claws you but does no damage.
The acid dragon is burned by your cloak of flames.
The acid dragon is moderately wounded.
You claw the acid dragon! Your claw misses the acid dragon.
The acid dragon is severely wounded.
The centaur shoots an arrow.
The arrow hits you.
The shadow strikes at you from the darkness!
You die...

........................#
................#..#....#####.
................#..##)..#.....
................#....)#..>..#
................#....e#.....#
.............######).#.#.####
..................D..#.#..
............[.(.{D..##.##..
.............((.@k..#.#.#...
...................##.#.#
.....>.......).....#.###.#
..................##.# .#
.............)....#.## #.
.................##.# .#
..........c......#.## #.
................##.#### .#
..............#####...######


You could see a five-headed hydra, a wind drake (repels missiles), a deep elf
zephyrmancer, an acid dragon (catching breath) and a centaur.

Vanquished Creatures
  A boulder beetle (D:11)
  2 two-headed ogres
  A tengu warrior (D:11)
  A manticore (D:11)
  An ugly thing (D:11)
  A gargoyle (D:11)
  An unseen horror (D:11)
  2 kobold demonologists
  4 trolls
  Grinder (D:3)
  A wyvern (D:10)
  A shadow (D:11)
  3 wraiths
  21 yaks
  3 vampire mosquitoes
  A water moccasin (D:6)
  2 black bears
  4 orc warriors
  An ogre (D:5)
  4 centaurs
  2 phantoms
  4 kobold brigands
  3 bullfrogs
  4 necrophages
  6 wights
  13 killer bees
  6 howler monkeys
  2 gnoll boudas
  3 jellies
  3 hounds
  3 orc priests
  3 iguanas
  4 orc wizards
  Robin (D:2)
  9 gnolls
  7 adders
  A shadow imp (D:7)
  A white imp (D:6)
  2 ufetubi
  3 worms
  5 dart slugs
  25 orcs
  5 ball pythons
  3 bats
  9 endoplasms
  16 goblins
  10 hobgoblins
  3 jackals (D:5)
  A quokka (D:5)
  2 frilled lizards
  27 kobolds
  4 rats
246 creatures vanquished.

Vanquished Creatures (others)
  4 plants
4 creatures vanquished.

Grand Total: 250 creatures vanquished

Notes
Turn   | Place    | Note
-------+----------+-------------------------------------------
     0 | D:1      | qw the Troll Cinder Acolyte began the quest for the Orb.
     0 | D:1      | Reached XP level 1. HP: 22/22 MP: 1/1
     0 | D:1      | 0 ||| qw: Version: 0.1-a-97-g2dd2ca4
     0 | D:1      | 0 ||| qw: Game counter: 4939
     0 | D:1      | 0 ||| qw: Always use a shield: true
     0 | D:1      | 0 ||| qw: God list: Okawaru
     0 | D:1      | 0 ||| qw: Allow faded altars: false
     0 | D:1      | 0 ||| qw: Do Orc after D:15 true
     0 | D:1      | 0 ||| qw: Do second Lair branch before Depths: true
     0 | D:1      | 0 ||| qw: Lair rune preference: random
     0 | D:1      | 0 ||| qw: Plans: Normal
     0 | D:1      | 0 ||| PLANNING D:1-11
   107 | D:1      | Reached XP level 2. HP: 27/29 MP: 2/2
   126 | D:1      | 126 ||| Stepping ~*~*~tactically~*~*~ (stealth).
   343 | D:1      | Reached skill level 4 in Unarmed Combat
   679 | D:1      | 679 ||| UPGRADING to ring of resist corrosion.
   680 | D:1      | 680 ||| READING scroll labelled WENAR CENUALEWEK.
   681 | D:1      | 681 ||| DRINKING 2 bubbling puce potions.
   682 | D:1      | 682 ||| Stepping randomly (stuck).
   683 | D:1      | 683 ||| Stepping ~*~*~tactically~*~*~ (cloud).
   794 | D:2      | Found a faded altar of an unknown god.
   850 | D:2      | Reached XP level 3. HP: 36/36 MP: 3/3
   992 | D:2      | 992 ||| INVOKING Fiery Armour.
   996 | D:2      | 996 ||| FLEEEEING.
   997 | D:2      | 997 ||| FLEEEEING.
  1009 | D:2      | 1009 ||| Stepping ~*~*~tactically~*~*~ (stealth).
  1010 | D:2      | 1010 ||| Stepping ~*~*~tactically~*~*~ (stealth).
  1019 | D:2      | 1019 ||| Stepping ~*~*~tactically~*~*~ (stealth).
  1020 | D:2      | 1020 ||| Stepping ~*~*~tactically~*~*~ (stealth).
  1265 | D:2      | 1265 ||| Stepping ~*~*~tactically~*~*~ (stealth).
  1269 | D:2      | Reached XP level 4. HP: 44/44 MP: 4/4
  1282 | D:2      | Noticed Robin
  1283 | D:2      | 1283 ||| Stepping ~*~*~tactically~*~*~ (hiding).
  1286 | D:2      | Reached skill level 5 in Unarmed Combat
  1291 | D:2      | Killed Robin
  1293 | D:2      | 1293 ||| Stepping ~*~*~tactically~*~*~ (stealth).
  1428 | D:2      | 1428 ||| Stepping ~*~*~tactically~*~*~ (stealth).
  1429 | D:2      | 1429 ||| Stepping ~*~*~tactically~*~*~ (stealth).
  1430 | D:2      | 1430 ||| Stepping ~*~*~tactically~*~*~ (stealth).
  1431 | D:2      | 1431 ||| Stepping ~*~*~tactically~*~*~ (stealth).
  1432 | D:2      | 1432 ||| Stepping ~*~*~tactically~*~*~ (stealth).
  1433 | D:2      | 1433 ||| Stepping ~*~*~tactically~*~*~ (stealth).
  1434 | D:2      | 1434 ||| Stepping ~*~*~tactically~*~*~ (stealth).
  1435 | D:2      | 1435 ||| Stepping ~*~*~tactically~*~*~ (stealth).
  1436 | D:2      | 1436 ||| Stepping ~*~*~tactically~*~*~ (stealth).
  1437 | D:2      | 1437 ||| Stepping ~*~*~tactically~*~*~ (stealth).
  1458 | D:2      | 1458 ||| UPGRADING to ring of poison resistance.
  1459 | D:2      | 1459 ||| DRINKING 2 lumpy golden potions.
  1460 | D:2      | 1460 ||| DROPPING potion of attraction.
  1514 | D:3      | 1514 ||| Stepping ~*~*~tactically~*~*~ (stealth).
  1644 | D:3      | 1644 ||| Stepping ~*~*~tactically~*~*~ (hiding).
  1890 | D:3      | Noticed Grinder
  1891 | D:3      | 1891 ||| Stepping ~*~*~tactically~*~*~ (hiding).
  1895 | D:3      | Paralysed by Grinder for 5 turns
  1908 | D:3      | 1908 ||| INVOKING Fiery Armour.
  1908 | D:3      | HP: 9/44 [Grinder (6)]
  1910 | D:3      | Killed Grinder
  1911 | D:3      | Reached skill level 7 in Unarmed Combat
  1911 | D:3      | Reached XP level 5. HP: 6/50 MP: 5/5
  1911 | D:3      | Reached XP level 6. HP: 8/59 MP: 6/6
  2147 | D:3      | 2147 ||| READING scroll labelled TUESUI DIER.
  2148 | D:3      | 2148 ||| READING scroll labelled OPUYRA DAXTOE.
  2149 | D:3      | 2149 ||| READING scroll labelled UMIDOT MEUFFI.
  2150 | D:3      | 2150 ||| READING scroll labelled XODOMI DUYMM.
  2164 | D:4      | 2164 ||| STAIRDANCE
  2213 | D:4      | 2213 ||| Stepping ~*~*~tactically~*~*~ (outnumbered).
  2215 | D:4      | 2215 ||| Stepping ~*~*~tactically~*~*~ (outnumbered).
  2216 | D:4      | 2216 ||| Stepping ~*~*~tactically~*~*~ (outnumbered).
  2222 | D:4      | Reached skill level 8 in Unarmed Combat
  2222 | D:4      | Reached XP level 7. HP: 44/66 MP: 7/7
  2353 | D:4      | 2353 ||| Stepping ~*~*~tactically~*~*~ (stealth).
  2354 | D:4      | 2354 ||| Stepping ~*~*~tactically~*~*~ (stealth).
  2355 | D:4      | 2355 ||| Stepping ~*~*~tactically~*~*~ (stealth).
  2411 | D:4      | 2411 ||| Stepping ~*~*~tactically~*~*~ (stealth).
  2451 | D:4      | 2451 ||| Stepping ~*~*~tactically~*~*~ (stealth).
  2454 | D:4      | 2454 ||| Stepping ~*~*~tactically~*~*~ (stealth).
  2481 | D:4      | 2481 ||| Stepping ~*~*~tactically~*~*~ (stealth).
  2487 | D:4      | 2487 ||| Stepping ~*~*~tactically~*~*~ (stealth).
  2706 | D:4      | Found a staircase to the Ecumenical Temple.
  2761 | D:4      | 2761 ||| INVOKING Fiery Armour.
  2769 | D:4      | Reached skill level 3 in Fighting
  2926 | D:4      | Found a snail-covered altar of Cheibriados.
  3167 | D:4      | 3167 ||| Stepping ~*~*~tactically~*~*~ (stealth).
  3203 | D:4      | 3203 ||| READING scroll labelled FOCUHO NISKILU.
  3204 | D:4      | 3204 ||| READING scroll labelled XUW UKLEMUU.
  3205 | D:4      | 3205 ||| DRINKING 2 viscous amethyst potions.
  3252 | D:5      | Entered Level 5 of the Dungeon
  3328 | D:5      | 3328 ||| Stepping ~*~*~tactically~*~*~ (stealth).
  3329 | D:5      | 3329 ||| Stepping ~*~*~tactically~*~*~ (stealth).
  3464 | D:5      | Reached skill level 9 in Unarmed Combat
  3708 | D:5      | Reached skill level 1 in Dodging
  3749 | D:5      | Reached skill level 1 in Throwing
  3749 | D:5      | Reached XP level 8. HP: 75/75 MP: 8/8
  4152 | D:5      | 4152 ||| READING scroll labelled TAMALE IRYON.
  4249 | D:6      | You fall into a shaft and drop 3 floors!
  4263 | D:9      | 4263 ||| DROPPING ring of resist corrosion.
  4264 | D:9      | 4264 ||| UPGRADING to +6 ring of strength.
  4266 | D:9      | 4266 ||| READING 2 scrolls of identify.
  4266 | D:9      | 4266 ||| IDENTIFYING ruby potion
  4267 | D:9      | 4267 ||| DROPPING potion of flight.
  4284 | D:8      | 4284 ||| Stepping ~*~*~tactically~*~*~ (stealth).
  4287 | D:8      | 4287 ||| Stepping ~*~*~tactically~*~*~ (hiding).
  4288 | D:8      | 4288 ||| Stepping ~*~*~tactically~*~*~ (hiding).
  4289 | D:8      | 4289 ||| Stepping ~*~*~tactically~*~*~ (hiding).
  4309 | D:8      | 4309 ||| Stepping ~*~*~tactically~*~*~ (stealth).
  4316 | D:8      | Reached skill level 3 in Throwing
  4323 | D:8      | 4323 ||| Stepping ~*~*~tactically~*~*~ (hiding).
  4324 | D:8      | 4324 ||| Stepping ~*~*~tactically~*~*~ (hiding).
  4333 | D:8      | 4333 ||| INVOKING Fiery Armour.
  4440 | D:7      | 4440 ||| Stepping ~*~*~tactically~*~*~ (outnumbered).
  4561 | D:6      | Reached skill level 10 in Unarmed Combat
  4801 | D:6      | 4801 ||| Stepping ~*~*~tactically~*~*~ (hiding).
  4907 | D:6      | 4907 ||| Stepping ~*~*~tactically~*~*~ (stealth).
  4909 | D:6      | 4909 ||| Stepping ~*~*~tactically~*~*~ (stealth).
  4913 | D:6      | 4913 ||| INVOKING Fiery Armour.
  4917 | D:6      | 4917 ||| Stepping ~*~*~tactically~*~*~ (outnumbered).
  4929 | D:6      | Reached XP level 9. HP: 37/84 MP: 9/9
  4932 | D:6      | 4932 ||| FLEEEEING.
  4933 | D:6      | 4933 ||| FLEEEEING.
  4934 | D:6      | 4934 ||| FLEEEEING.
  4935 | D:6      | 4935 ||| FLEEEEING.
  4936 | D:6      | 4936 ||| FLEEEEING.
  4937 | D:6      | 4937 ||| FLEEEEING.
  4938 | D:6      | 4938 ||| FLEEEEING.
  4939 | D:6      | 4939 ||| FLEEEEING.
  4940 | D:6      | 4940 ||| FLEEEEING.
  4941 | D:6      | 4941 ||| FLEEEEING.
  4942 | D:6      | 4942 ||| FLEEEEING.
  4943 | D:6      | 4943 ||| FLEEEEING.
  4944 | D:6      | 4944 ||| FLEEEEING.
  4945 | D:6      | 4945 ||| FLEEEEING.
  4946 | D:6      | 4946 ||| FLEEEEING.
  4947 | D:6      | 4947 ||| FLEEEEING.
  4948 | D:6      | 4948 ||| FLEEEEING.
  4949 | D:6      | 4949 ||| FLEEEEING.
  4950 | D:6      | 4950 ||| FLEEEEING.
  4951 | D:6      | 4951 ||| FLEEEEING.
  4952 | D:6      | 4952 ||| FLEEEEING.
  4953 | D:6      | 4953 ||| FLEEEEING.
  4954 | D:6      | 4954 ||| FLEEEEING.
  4955 | D:6      | 4955 ||| FLEEEEING.
  4956 | D:6      | 4956 ||| FLEEEEING.
  4957 | D:6      | 4957 ||| FLEEEEING.
  4958 | D:6      | 4958 ||| FLEEEEING.
  4959 | D:6      | 4959 ||| FLEEEEING.
  4960 | D:6      | 4960 ||| FLEEEEING.
  4961 | D:6      | 4961 ||| FLEEEEING.
  4962 | D:6      | 4962 ||| FLEEEEING.
  4963 | D:6      | 4963 ||| FLEEEEING.
  4964 | D:6      | 4964 ||| FLEEEEING.
  4965 | D:6      | 4965 ||| FLEEEEING.
  4966 | D:6      | 4966 ||| FLEEEEING.
  4970 | D:6      | Reached skill level 11 in Unarmed Combat
  5053 | D:6      | Identified the ring of Joy {rC+ MP+9}
  5233 | D:6      | 5233 ||| Stepping ~*~*~tactically~*~*~ (outnumbered).
  5236 | D:6      | 5236 ||| FLEEEEING.
  5237 | D:6      | 5237 ||| FLEEEEING.
  5238 | D:6      | 5238 ||| FLEEEEING.
  5239 | D:6      | 5239 ||| FLEEEEING.
  5240 | D:6      | 5240 ||| FLEEEEING.
  5241 | D:6      | 5241 ||| FLEEEEING.
  5242 | D:6      | 5242 ||| FLEEEEING.
  5243 | D:6      | 5243 ||| FLEEEEING.
  5244 | D:6      | 5244 ||| FLEEEEING.
  5245 | D:6      | 5245 ||| FLEEEEING.
  5246 | D:6      | 5246 ||| FLEEEEING.
  5247 | D:6      | 5247 ||| FLEEEEING.
  5248 | D:6      | 5248 ||| FLEEEEING.
  5249 | D:6      | 5249 ||| FLEEEEING.
  5250 | D:6      | 5250 ||| FLEEEEING.
  5251 | D:6      | 5251 ||| FLEEEEING.
  5252 | D:6      | 5252 ||| FLEEEEING.
  5253 | D:6      | 5253 ||| FLEEEEING.
  5254 | D:6      | 5254 ||| FLEEEEING.
  5255 | D:6      | 5255 ||| FLEEEEING.
  5256 | D:6      | 5256 ||| STAIRDANCE
  5278 | D:6      | 5278 ||| STAIRDANCE
  5658 | D:6      | 5658 ||| READING scroll labelled PONUN OGYNLIOL.
  5691 | D:7      | 5691 ||| INVOKING Fiery Armour.
  5940 | D:7      | Identified the +4 mace "Ypoatoagach" {spect, rElec Will+
                  | Str-5}
  6121 | D:7      | Reached skill level 12 in Unarmed Combat
  6274 | D:7      | 6274 ||| READING scroll labelled LITSIR DICIENN.
  6275 | D:7      | 6275 ||| READING scroll labelled GEJYSYUTHRY.
  6276 | D:7      | 6276 ||| READING 2 scrolls of identify.
  6276 | D:7      | 6276 ||| IDENTIFYING purple potion
  6277 | D:7      | 6277 ||| DROPPING potion of brilliance.
  6374 | D:8      | 6374 ||| Stepping ~*~*~tactically~*~*~ (outnumbered).
  6376 | D:8      | 6376 ||| INVOKING Fiery Armour.
  6378 | D:8      | HP: 20/85 [killer bee (4)]
  6379 | D:8      | 6379 ||| READING 2 scrolls of teleportation.
  6381 | D:8      | HP: 9/85 [poisoned by a killer bee]
  6386 | D:8      | HP: 5/85 [poisoned by a killer bee]
  6504 | D:8      | 6504 ||| Stepping ~*~*~tactically~*~*~ (stealth).
  6830 | D:8      | 6830 ||| DRINKING 2 smoky coppery potions.
  6938 | D:9      | Noticed a troll
  6939 | D:9      | Killed a troll
  6940 | D:9      | Reached XP level 10. HP: 96/96 MP: 10/10
  7003 | D:9      | 7003 ||| INVOKING Fiery Armour.
  7142 | D:9      | 7142 ||| Stepping ~*~*~tactically~*~*~ (stealth).
  7163 | D:9      | 7163 ||| INVOKING Fiery Armour.
  7278 | D:9      | 7278 ||| DRINKING 3 potions of curing.
  7278 | D:9      | 7278 ||| (to cure confusion)
  7299 | D:9      | Found a radiant altar of Vehumet.
  7348 | D:9      | Reached skill level 13 in Unarmed Combat
  7599 | D:9      | 7599 ||| Stepping ~*~*~tactically~*~*~ (stealth).
  7603 | D:9      | 7603 ||| Stepping ~*~*~tactically~*~*~ (hiding).
  7604 | D:9      | 7604 ||| Stepping ~*~*~tactically~*~*~ (hiding).
  7840 | D:9      | Found a hazy altar of Hepliaklqana.
  7934 | D:9      | 7934 ||| Stepping ~*~*~tactically~*~*~ (outnumbered).
  7935 | D:9      | 7935 ||| Stepping ~*~*~tactically~*~*~ (outnumbered).
  7936 | D:9      | 7936 ||| Stepping ~*~*~tactically~*~*~ (outnumbered).
  7937 | D:9      | 7937 ||| Stepping ~*~*~tactically~*~*~ (outnumbered).
  7967 | D:9      | 7967 ||| UPGRADING to +0 troll leather armour.
  7977 | D:9      | 7977 ||| DROPPING +0 robe.
  7978 | D:9      | 7978 ||| READING 2 scrolls of identify.
  7978 | D:9      | 7978 ||| IDENTIFYING amethyst potion
  7979 | D:9      | 7979 ||| DROPPING potion of berserk rage.
  8171 | D:9      | 8171 ||| READING scroll of teleportation.
  8172 | D:9      | 8172 ||| STAIRDANCE
  8205 | D:10     | Entered Level 10 of the Dungeon
  8205 | D:10     | Found a staircase to the Orcish Mines.
  8205 | D:10     | Found a runed translucent door.
  8207 | D:10     | 8207 ||| INVOKING Fiery Armour.
  8210 | D:10     | 8210 ||| Stepping ~*~*~tactically~*~*~ (outnumbered).
  8211 | D:10     | 8211 ||| Stepping ~*~*~tactically~*~*~ (outnumbered).
  8212 | D:10     | 8212 ||| Stepping ~*~*~tactically~*~*~ (outnumbered).
  8213 | D:10     | 8213 ||| Stepping ~*~*~tactically~*~*~ (outnumbered).
  8214 | D:10     | 8214 ||| Stepping ~*~*~tactically~*~*~ (outnumbered).
  8215 | D:10     | 8215 ||| Stepping ~*~*~tactically~*~*~ (outnumbered).
  8218 | D:10     | 8218 ||| Stepping ~*~*~tactically~*~*~ (outnumbered).
  8219 | D:10     | 8219 ||| Stepping ~*~*~tactically~*~*~ (outnumbered).
  8223 | D:10     | Reached skill level 1 in Armour
  8224 | D:10     | 8224 ||| Stepping ~*~*~tactically~*~*~ (outnumbered).
  8225 | D:10     | 8225 ||| Stepping ~*~*~tactically~*~*~ (outnumbered).
  8230 | D:10     | 8230 ||| Stepping ~*~*~tactically~*~*~ (outnumbered).
  8231 | D:10     | 8231 ||| Stepping ~*~*~tactically~*~*~ (outnumbered).
  8232 | D:10     | 8232 ||| Stepping ~*~*~tactically~*~*~ (outnumbered).
  8279 | D:10     | 8279 ||| Stepping ~*~*~tactically~*~*~ (stealth).
  8285 | D:10     | Reached skill level 14 in Unarmed Combat
  8313 | D:10     | 8313 ||| Stepping ~*~*~tactically~*~*~ (stealth).
  8370 | D:10     | Found a runed translucent door.
  8370 | D:10     | Noticed a two-headed ogre
  8374 | D:10     | Killed a two-headed ogre
  8375 | D:10     | Reached skill level 6 in Fighting
  8437 | D:10     | Found a hide-covered altar of Uskayaw.
  8437 | D:10     | Found a white marble altar of Elyvilon.
  8512 | D:10     | 8512 ||| Stepping ~*~*~tactically~*~*~ (hiding).
  8514 | D:10     | 8514 ||| Stepping ~*~*~tactically~*~*~ (hiding).
  8515 | D:10     | 8515 ||| Stepping ~*~*~tactically~*~*~ (hiding).
  8516 | D:10     | 8516 ||| Stepping ~*~*~tactically~*~*~ (hiding).
  8517 | D:10     | 8517 ||| Stepping ~*~*~tactically~*~*~ (hiding).
  8531 | D:10     | 8531 ||| FLEEEEING.
  8532 | D:10     | 8532 ||| FLEEEEING.
  8533 | D:10     | 8533 ||| FLEEEEING.
  8534 | D:10     | 8534 ||| FLEEEEING.
  8535 | D:10     | 8535 ||| FLEEEEING.
  8536 | D:10     | 8536 ||| FLEEEEING.
  8537 | D:10     | 8537 ||| FLEEEEING.
  8538 | D:10     | 8538 ||| FLEEEEING.
  8539 | D:10     | 8539 ||| FLEEEEING.
  8540 | D:10     | 8540 ||| FLEEEEING.
  8543 | D:10     | 8543 ||| Stepping ~*~*~tactically~*~*~ (outnumbered).
  8544 | D:10     | 8544 ||| Stepping ~*~*~tactically~*~*~ (outnumbered).
  8545 | D:10     | 8545 ||| Stepping ~*~*~tactically~*~*~ (outnumbered).
  8546 | D:10     | 8546 ||| Stepping ~*~*~tactically~*~*~ (outnumbered).
  8547 | D:10     | 8547 ||| Stepping ~*~*~tactically~*~*~ (outnumbered).
  8549 | D:10     | 8549 ||| Stepping ~*~*~tactically~*~*~ (outnumbered).
  8550 | D:10     | 8550 ||| Stepping ~*~*~tactically~*~*~ (outnumbered).
  8555 | D:10     | Reached XP level 11. HP: 85/105 MP: 11/11
  8561 | D:10     | Reached skill level 6 in Throwing
  8716 | D:10     | Found a runed translucent door.
  8731 | D:10     | Found a runed translucent door.
  8733 | D:10     | Noticed a two-headed ogre
  8835 | D:10     | 8835 ||| DRINKING 2 brown potions.
  8836 | D:10     | 8836 ||| READING 3 scrolls of identify.
  8836 | D:10     | 8836 ||| IDENTIFYING fizzy grey potion
  8837 | D:10     | 8837 ||| READING 2 scrolls of identify.
  8837 | D:10     | 8837 ||| IDENTIFYING fizzy pink potion
  8838 | D:10     | 8838 ||| DROPPING potion of ambrosia.
  8839 | D:10     | 8839 ||| DROPPING potion of magic.
  8867 | D:11     | 8867 ||| Stepping ~*~*~tactically~*~*~ (outnumbered).
  8876 | D:11     | 8876 ||| INVOKING Fiery Armour.
  8877 | D:11     | 8877 ||| Stepping ~*~*~tactically~*~*~ (outnumbered).
  8877 | D:11     | HP: 26/105 [yak (7)]
  8878 | D:11     | 8878 ||| Stepping ~*~*~tactically~*~*~ (outnumbered).
  8879 | D:11     | 8879 ||| DRINKING 2 potions of heal wounds.
  8880 | D:11     | 8880 ||| Stepping ~*~*~tactically~*~*~ (outnumbered).
  8881 | D:11     | 8881 ||| Stepping ~*~*~tactically~*~*~ (outnumbered).
  8882 | D:11     | 8882 ||| Stepping ~*~*~tactically~*~*~ (outnumbered).
  8883 | D:11     | 8883 ||| Stepping ~*~*~tactically~*~*~ (outnumbered).
  8884 | D:11     | 8884 ||| Stepping ~*~*~tactically~*~*~ (outnumbered).
  8886 | D:11     | 8886 ||| Stepping ~*~*~tactically~*~*~ (outnumbered).
  8887 | D:11     | 8887 ||| Stepping ~*~*~tactically~*~*~ (outnumbered).
  8952 | D:11     | Found a staircase to the Lair.
  9043 | D:11     | 9043 ||| Stepping ~*~*~tactically~*~*~ (hiding).
  9051 | D:11     | 9051 ||| Stepping ~*~*~tactically~*~*~ (stealth).
  9070 | D:11     | 9070 ||| Stepping ~*~*~tactically~*~*~ (stealth).
  9074 | D:11     | 9074 ||| Stepping ~*~*~tactically~*~*~ (stealth).
  9075 | D:11     | 9075 ||| Stepping ~*~*~tactically~*~*~ (stealth).
  9076 | D:11     | 9076 ||| Stepping ~*~*~tactically~*~*~ (stealth).
  9077 | D:11     | 9077 ||| Stepping ~*~*~tactically~*~*~ (stealth).
  9094 | D:11     | Noticed a purple ugly thing
  9104 | D:11     | 9104 ||| Stepping ~*~*~tactically~*~*~ (stealth).
  9106 | D:11     | Killed a purple ugly thing
  9107 | D:11     | Reached skill level 15 in Unarmed Combat
  9152 | D:11     | Noticed a two-headed ogre
  9156 | D:11     | Killed a two-headed ogre
  9164 | D:11     | 9164 ||| FLEEEEING.
  9170 | D:11     | 9170 ||| FLEEEEING.
  9189 | D:11     | 9189 ||| INVOKING Fiery Armour.
  9195 | D:11     | 9195 ||| Stepping ~*~*~tactically~*~*~ (outnumbered).
  9196 | D:11     | 9196 ||| Stepping ~*~*~tactically~*~*~ (outnumbered).
  9199 | D:11     | 9199 ||| Stepping ~*~*~tactically~*~*~ (outnumbered).
  9227 | D:11     | 9227 ||| FLEEEEING.
  9228 | D:11     | 9228 ||| FLEEEEING.
  9229 | D:11     | 9229 ||| FLEEEEING.
  9230 | D:11     | 9230 ||| FLEEEEING.
  9231 | D:11     | 9231 ||| FLEEEEING.
  9232 | D:11     | 9232 ||| FLEEEEING.
  9233 | D:11     | 9233 ||| FLEEEEING.
  9234 | D:11     | 9234 ||| FLEEEEING.
  9235 | D:11     | 9235 ||| FLEEEEING.
  9235 | D:11     | Noticed a tengu warrior
  9238 | D:11     | 9238 ||| FLEEEEING.
  9239 | D:11     | 9239 ||| FLEEEEING.
  9240 | D:11     | 9240 ||| FLEEEEING.
  9241 | D:11     | Noticed a boulder beetle
  9243 | D:11     | Killed a tengu warrior
  9249 | D:11     | Reached skill level 16 in Unarmed Combat
  9250 | D:11     | HP: 17/105 [boulder beetle (19)]
  9251 | D:11     | 9251 ||| READING scroll of teleportation.
  9251 | D:11     | Noticed a five-headed hydra
  9252 | D:11     | 9252 ||| DRINKING potion of heal wounds.
  9254 | D:11     | Killed a boulder beetle
  9254 | D:11     | Noticed a deep elf zephyrmancer
  9255 | D:11     | HP: 23/107 [centaur/arrow (5)]
  9255 | D:11     | Mangled by a shadow

Levels and vault maps discovered:
D:1:      dpeg_arrival_pond, layout_loops_ring
D:2:      layout_basic, basic_ecumenical_altar, minmay_stone_trees_large,
          nicolae_figureground_sparkle, uniq_robin
D:3:      layout_loops_cross, minmay_close_crescents, uniq_grinder
D:4:      minmay_razor_zed, layout_cave_pools, marbit_many_paths,
          minmay_temple_entry_gardened_gates, serial_co_window_serial,
          co_window_paths_b, co_window_corner_a, co_window_of_opportunity_a,
          co_window_paths_a, co_window_paths_b, co_window_2corner,
          co_window_corner_ca, co_window_broadway_c, co_window_broadway_b,
          glass_columns_a, glass_columns_c, glass_columns_a, glass_columns_a,
          glass_columns_a
D:5:      layout_gridville, minmay_liquid_box
D:6:      layout_cave_pods, nicolae_benzene_ring, chequers_serial_rivers_large_b
D:7:      layout_loops_cross, enter_bailey_2
D:8:      layout_basic
D:9:      layout_stronghold, mainiacjoe_overflow_chevrons, vehumet_altar_wand_db
D:10:     layout_rooms, mainiacjoe_overflow_divided_tiny, orc_0_dummy,
          minmay_statue_crystal_thing
D:11:     minmay_the_grid_four_pointed_star
          [minmay_the_grid_triangle_9x9_thin_v,
          minmay_the_grid_triangle_9x9_pentomino_pain,
          minmay_the_grid_triangle_9x9_windchime,
          minmay_the_grid_triangle_9x9_impossible_snake,
          minmay_the_grid_prize_shrinking_boxes], layout_grid_maze,
          lair_entry_dummy, bh_hangedman_babel_library

Skill      XL: |  1  2  3  4  5  6  7  8  9 10 11 |
---------------+----------------------------------+-----
Unarmed Combat | 4 7 8 9 10 12 14 16 | 16.0
Fighting       | 3 4 5 6 |  6.6
Dodging        | 1 |  1.2
Throwing       | 1 3 4 5 6 |  6.0
Armour         | 1 |  1.2
Spellcasting   | |  1.0
Fire Magic     | |  2.1

Action                   |  1- 3 |  4- 6 |  7- 9 | 10-12 || total
-------------------------+-------+-------+-------+-------++-------
Melee: Unarmed           |    72 |    76 |   242 |   230 ||   620
       Punch             |       |       |     7 |     7 ||    14
Throw: Boomerang         |    29 |    23 |    17 |     4 ||    73
       Large rock        |       |       |    37 |    21 ||    58
       Javelin           |       |       |     1 |    14 ||    15
Invok: Fiery Armour      |     1 |     1 |     5 |     5 ||    12
  Use: Potion            |     1 |     1 |     2 |     4 ||     8
       Scroll            |     1 |     4 |     9 |     5 ||    19
Armor: Robe              |    28 |    21 |    56 |    27 ||   132
       Troll leather arm |       |       |       |    66 ||    66
Dodge: Dodged            |    29 |    25 |   103 |   102 ||   259

Table legend:
 A = Non-vault XP
 B = Vault XP
 C = Vault XP percentage of total XP
 D = Non-vault monster count
 E = Vault monster count
 F = Vault count percentage of total count
                 A         B        C        D         E       F
            +---------+---------+-------+---------+---------+-------
      Total |   13943 |    4810 |  25.6 |     207 |      39 |  15.9
            +---------+---------+-------+---------+---------+-------
        D:1 |      33 |       0 |   0.0 |      19 |       0 |   0.0
        D:2 |      58 |      35 |  37.6 |      12 |      12 |  50.0
        D:3 |     173 |     283 |  62.1 |      10 |       4 |  28.6
        D:4 |     274 |     183 |  40.0 |      17 |      11 |  39.3
        D:5 |     594 |       0 |   0.0 |      16 |       0 |   0.0
        D:6 |    1820 |       0 |   0.0 |      18 |       0 |   0.0
        D:7 |     506 |       0 |   0.0 |      13 |       0 |   0.0
        D:8 |    1311 |       0 |   0.0 |      19 |       0 |   0.0
        D:9 |    1843 |       1 |   0.1 |      39 |       1 |   2.5
       D:10 |    4315 |       0 |   0.0 |      25 |       0 |   0.0
       D:11 |    3016 |    4308 |  58.8 |      19 |      11 |  36.7
            +---------+---------+-------+---------+---------+-------
